 Dungeon Crawl Stone Soup version 0.29-a0-284-gf9362112df (webtiles) character file.

Game seed: 5117854930226125446

3 sammy202020 the Sneak (level 1, 12/12 HPs)
             Began as a Kobold Brigand on Mar 29, 2022.
             Quit the game on level 1 of the Dungeon.
             The game lasted 00:00:26 (151 turns).

sammy202020 the Sneak (Kobold Brigand)               Turns: 151, Time: 00:00:26

Health: 12/12      AC:  3    Str:  8    XL:     1   Next: 55%
Magic:  1/1        EV: 14    Int: 12    God:
Gold:   26         SH:  0    Dex: 16    Spells: 0/0 levels left

rFire   . . .      SeeInvis .   a - +2 dagger
rCold   . . .      Faith    .   (no shield)
rNeg    . . .      Spirit   .   b - +0 robe
rPois   .          Reflect  .   (no helmet)
rElec   .          Harm     .   c - +0 cloak
rCorr   .          Rampage  .   (no gloves)
Will    .....                   (no boots)
Stlth   ++++......              (no amulet)
HPRegen 0.04/turn               (no ring)
MPRegen 0.07/turn               (no ring)

@: no status effects
A: small, no large weapons, nightstalker 3
a: no special abilities


You were on level 1 of the Dungeon.
You visited 1 branch of the dungeon, and saw 1 of its levels.

You collected 26 gold pieces.

Inventory:

Hand Weapons
 a - a +2 dagger (weapon)
Missiles
 d - 9 poisoned darts (quivered)
 e - 3 curare-tipped darts
Armour
 b - a +0 robe (worn)
 c - a +0 cloak (worn)
 f - a scarf of resistance
Potions
 g - a potion of curing {unknown}


   Skills:
 + Level 2.2 Fighting
 + Level 2.7 Short Blades
 - Level 2.1 Throwing
 + Level 0.1 Armour
 * Level 1.4 Dodging
 * Level 5.3 Stealth


You couldn't memorise any spells.
You didn't know any spells.
Your spell library was empty.

Dungeon Overview and Level Annotations

Branches:
Dungeon (1/15)

Altars:


Innate Abilities, Weirdness & Mutations

You are small and have problems with some larger weapons.
You are completely attuned to the shadows.


Message History

An endoplasm comes into view.
You see here 15 gold pieces.
The helpless endoplasm fails to defend itself.
You impale the endoplasm!!
You kill the endoplasm!
No target in view!
No target in view!
No target in view!
No target in view!
No target in view!
No target in view!
No target in view!
No target in view!
No target in view!
No target in view!
No target in view!
No target in view!
No target in view!
No target in view!
No target in view!
No target in view!
No target in view!
No target in view!
You now have 26 gold pieces (gained 15).
A bat comes into view.
A bat is nearby!
Found a scroll labelled ANORCHUPYRGH.
The helpless bat fails to defend itself.
You impale the bat!!
You kill the bat!
An endoplasm comes into view.
You see here a scroll labelled ANORCHUPYRGH.
An endoplasm is nearby!
The helpless endoplasm fails to defend itself.
You impale the endoplasm!!
You kill the endoplasm!
No target in view!
Welcome back, sammy202020 the Kobold Brigand.
Press ? for a list of commands and other information.
Are you sure you want to abandon this character and quit the game? (Confirm with "yes".)

###
####.##
....@.##
.......#
#.#...##
# #.?##
#.#..#
#.#..#
...†.###
.......#
...
...#.#.#


There were no monsters in sight!

Vanquished Creatures
  2 endoplasms (D:1)
  A bat (D:1)
3 creatures vanquished.

Notes
Turn   | Place    | Note
-------+----------+-------------------------------------------
     0 | D:1      | sammy202020 the Kobold Brigand began the quest for the Orb.
     0 | D:1      | Reached XP level 1. HP: 12/12 MP: 1/1
   151 | D:1      | Quit the game

Illustrated notes

Levels and vault maps discovered:
D:1:      psy_arrival_heroes, layout_loops_ring, ebering_ecumenical_altar_webs,
          minmay_misc_feat_x

Action                   || total
-------------------------++-------
Melee: Dagger            ||     3
 Stab: Sleeping          ||     3

Table legend: (Time is in decaauts)
 A = Elapsed time spent in this place.
 B = Non-inter-level travel time spent in this place.
 C = Inter-level travel time spent in this place.
 D = Time resting spent in this place.
 E = Time spent auto-exploring this place.
 F = Levels seen in this place.
 G = Mean time per level.
                   A        B        C        D        E       F      G
               +--------+--------+--------+--------+--------+-----+--------+
         Total |    150 |    150 |      0 |      0 |    131 |   1 |  150.0 |
       Dungeon |    150 |    150 |      0 |      0 |    131 |   1 |  150.0 |
               +--------+--------+--------+--------+--------+-----+--------+

Top non-repeatable levels by time:
     D:1: 150 daAuts
